 Dungeon Crawl Stone Soup version 0.23.0 (webtiles) character file.

Game seed: 5717502255800084155

18144 MalarOregon the Fighter (level 12, 0/105 HPs)
             Began as a Merfolk Abyssal Knight on Feb 13, 2019.
             Was an Elder of Lugonu.
             Slain by a hippogriff (1 damage)
             ... on level 2 of the Lair of Beasts.
             The game lasted 00:58:48 (24400 turns).

MalarOregon the Fighter (Merfolk Abyssal Knight)   Turns: 24400, Time: 00:58:48

Health: 0/105      AC: 12    Str: 13    XL:     12   Next: 55%
Magic:  0/16       EV: 12    Int: 15    God:    Lugonu [****..]
Gold:   219        SH:  0    Dex: 16    Spells: 11/11 levels left

rFire    + . .     SeeInvis .   a - +4 trident (venom)
rCold    + . .     Gourm    .   (no shield)
rNeg     + + .     Faith    .   I - +2 ring mail of the Albatross {*Slow rN++ Slay+2}
rPois    .         Spirit   +   w - +2 helmet
rElec    .         Reflect  .   o - scarf {rC+ rF+}
rCorr    .         Harm     .   (no gloves)
MR       +....                  (no boots)
Stlth    ..........             m - amulet of guardian spirit
HPRegen  0.27/turn              y - ring of Sloth {Dex+2 Stlth-}
MPRegen  0.15/turn              l - ring of protection from magic

@: very slightly contaminated
A: change form in water, swift swim, stealthy swim
a: Depart the Abyss, Bend Space, Banish, Corrupt, Renounce Religion


You were on level 2 of the Lair of Beasts.
You worshipped Lugonu.
Lugonu was greatly pleased with you.
You were hungry.

You visited 3 branches of the dungeon, and saw 15 of its levels.
You visited the Abyss 1 time.
You also visited: Ossuary.

You collected 696 gold pieces.
You spent 477 gold pieces at shops.

Inventory:

Hand Weapons
 a - a +4 trident of venom (weapon)
   (You took it off an orc on level 10 of the Dungeon)
 U - a +1 scimitar of flaming
   (You took it off Erica on level 1 of the Lair of Beasts)
Missiles
 p - 8 javelins of returning (quivered)
 L - 7 tomahawks
 P - 3 javelins
Armour
 o - a scarf of resistance (worn)
   (You found it on level 5 of the Dungeon)
 w - a +2 helmet (worn)
   (You found it on level 5 of the Dungeon)
 I - the +2 ring mail of the Albatross (worn) {*Slow rN++ Slay+2}
   (You found it on level 9 of the Dungeon)

   It affects your accuracy and damage with ranged weapons and melee attacks
   (+2).
   It greatly protects you from negative energy.
   It may slow you when you take damage.
Magical Staves
 J - an uncursed staff of summoning
   (You found it on level 9 of the Dungeon)
Jewellery
 h - an uncursed ring of resist corrosion
   (You found it on level 2 of the Dungeon)
 l - a ring of protection from magic (right hand)
   (You found it on level 4 of the Dungeon)
 m - an amulet of guardian spirit (around neck)
   (You found it on level 3 of the Dungeon)
 q - an uncursed ring of wizardry
   (You found it on level 11 of the Dungeon)
 y - the ring of Sloth (left hand) {Dex+2 Stlth-}
   (You found it on level 6 of the Dungeon)

   [ring of attention]

   It affects your dexterity (+2).
   It makes you less stealthy.
Wands
 d - a wand of iceblast (12)
   (You found it on level 9 of the Dungeon)
 r - a wand of polymorph (6)
   (You found it on level 9 of the Dungeon)
 t - a wand of flame (42)
   (You found it on level 7 of the Dungeon)
 u - a wand of paralysis (4)
   (You found it on level 8 of the Dungeon)
 v - a wand of digging (3)
   (You found it on level 7 of the Dungeon)
 x - a wand of acid (20)
   (You found it on level 9 of the Dungeon)
 O - a wand of scattershot (7)
   (You bought it in a shop on level 10 of the Dungeon)
Scrolls
 b - 4 scrolls of remove curse {@r2}
 k - 5 scrolls of amnesia
 z - 4 scrolls of teleportation {@r4}
 B - a scroll of identify {@r1}
 E - a scroll of fog
 G - 2 scrolls of immolation {!r}
 H - 3 scrolls of magic mapping
 K - 2 scrolls of enchant armour
 N - a scroll of blinking {unknown}
 Q - a scroll of fear
 T - a scroll of holy word {unknown}
Potions
 c - 2 potions of brilliance
 f - a potion of agility
 j - 2 potions of cancellation
 n - 2 potions of ambrosia
 s - 3 potions of magic
 A - a potion of flight
 C - a potion of resistance
 D - 4 potions of mutation {!q}
 F - a potion of lignification {!q}
 M - 2 potions of curing {@q1}
 R - a potion of might {unknown}
Comestibles
 e - 14 rations {!d}
 S - 5 chunks of flesh


   Skills:
 * Level 13.4 Fighting
 - Level 11.1 Polearms
 - Level 8.2 Throwing
 + Level 8.2 Armour
 - Level 2.6 Dodging
 - Level 6.1 Invocations


You had 11 spell levels left.
You didn't know any spells.
Your spell library contained the following spells:

 Spells                   Type           Power        Failure   Level  Hunger
 Magic Dart               Conj           #...         45%         1    ##.....
 Searing Ray              Conj           #.....       61%         2    ###....
 Dazzling Spray           Conj/Hex       #.....       83%         3    ####...
 Force Lance              Conj/Tloc      #.......     99%         4    #####..
 Fulminant Prism          Conj/Hex       #.........   99%         4    #####..
 Iskenderun's Mystic Bla  Conj           #.......     99%         4    #####..


Dungeon Overview and Level Annotations

Branches:
Dungeon (12/15)            Temple (1/1) D:6            Lair (2/6) D:10
  Swamp: Lair:2-4    Shoals: Lair:2-4     Snake: Lair:2-4    Spider: Lair:2-4
    Orc: D:9-12

Altars:
Ashenzari
Cheibriados
Dithmenos
Elyvilon
Fedhas
Gozag
Hepliaklqana
Kikubaaqudgha
Makhleb
Nemelex Xobeh
Okawaru
Qazlal
Ru
Sif Muna
Trog
Uskayaw
Vehumet
Wu Jian
Xom
Yredelemnul
Zin
The Shining One

Shops:
D:5 ?   D:10 }


Message History

The elephant completely misses you.
The elephant trunk-slaps you but does no damage.
You fade into invisibility!
You feel sick. The elephant tramples you!
* * * LOW HITPOINT WARNING * * *
You hold your ground!
The elephant misses you.
You are very lightly contaminated with residual magic.
The elephant closely misses you. The elephant misses you.
You kill the elephant!
Lugonu accepts your kill.
The elephant tramples you but does no damage.
The elephant trunk-slaps you but does no damage.
You feel sick.
You are no longer poisoned.
The hippogriff bites you.
* * * LOW HITPOINT WARNING * * *
The hippogriff closely misses you. The hippogriff misses you.
The elephant misses you.
The elephant trunk-slaps you but does no damage.
The elephant misses you. The elephant barely misses you.
The elephant trumpets!
There is a stone staircase leading up here.
You feel yourself speed up.
The elephant trumpets!
The elephant closely misses you. x2; The elephant tramples you!
* * * LOW HITPOINT WARNING * * *
You stumble backwards!
You stop ascending the stairs.
Unknown command.
The elephant trumpets!
The elephant tramples you but does no damage.
The elephant barely misses you.
The elephant trumpets!
You flicker for a moment.
The elephant trumpets!
The elephant trumpets!
The elephant trumpets!
A spiny frog comes into view.
The elephant trumpets!
The elephant trumpets!
You flicker back into view.
The elephant trumpets!
The elephant tramples you!
* * * LOW HITPOINT WARNING * * *
You hold your ground!
The elephant closely misses you. The elephant tramples you!
* * * LOW HITPOINT WARNING * * *
You hold your ground!
The elephant trunk-slaps you but does no damage.
The hippogriff barely misses you. The hippogriff pecks you.
You die...

... #...# #.#.# # ..#
.... #.Y## #.###.###..#
.....#.H.# #†........##
........## #.P##......#
....#.#?#####.####....##
... #.#..##^........#..#
.. .##.Y.....<.Y.......#
.........#.....#H...#.#
......#...Y.Y..#@Y#.....
....P.......###.#Y# #P##
...........#.P##..# #
......##.%........#
..........#P...#.P#
..........##..#####
....... ##.# .....## ...
#.... #.8..


You could see 3 elephants and a hippogriff.

Vanquished Creatures
  Erica (Lair:1)
  A two-headed ogre (D:8)
  3 death yaks
  Pikel (D:3)
  An ugly thing (D:10)
  2 black mambas (Lair:1)
  2 elephants (Lair:2)
  2 spiny frogs
  2 komodo dragons
  2 trolls (D:11)
  2 hippogriffs (Lair:1)
  A water elemental (D:11)
  3 wyverns
  A human (D:8)
  4 hogs (D:8)
  14 yaks
  4 hungry ghosts
  A basilisk (Lair:1)
  Menkaure (D:7)
  Duvessa (D:3)
  3 water moccasins
  2 slaves (D:3)
  5 porcupines
  2 sky beasts
  4 orc warriors
  3 ice beasts
  A black bear (D:10)
  A necrophage (D:3)
  4 phantoms
  5 ogres
  4 centaurs
  3 crocodiles
  A big kobold (D:10)
  8 bullfrogs
  Dowan (D:3)
  10 scorpions
  3 killer bees (D:11)
  4 wights (D:10)
  5 electric eels (D:11)
  2 howler monkeys (D:12)
  3 crimson imps
  4 centaur zombies
  A bullfrog zombie (D:10)
  5 human zombies (Ossuary)
  5 hounds
  2 jellies
  3 centaur skeletons
  4 orc priests
  2 iguanas
  4 orc wizards
  3 bullfrog skeletons
  5 worker ants
  A killer bee zombie (D:6)
  3 big kobold zombies (Ossuary)
  3 hound skeletons
  3 mummies (Ossuary)
  A worker ant zombie (D:6)
  11 adders
  4 gnolls (D:7)
  2 scorpion zombies (Ossuary)
  An adder skeleton (D:4)
  An adder zombie (D:8)
  6 worms
  A dart slug (D:2)
  8 leopard geckos
  26 orcs
  9 bats
  6 giant cockroaches
  2 gnoll zombies (Ossuary)
  9 goblins
  8 hobgoblins
  12 jackals
  11 kobolds
  7 quokkas
  A ball python (D:1)
  3 frilled lizards
  3 hobgoblin zombies (Ossuary)
  3 kobold zombies (Ossuary)
  A leopard gecko skeleton (D:8)
  An orc zombie (Ossuary)
  A quokka zombie (D:4)
  10 rats
  A spectral orc (D:5)
320 creatures vanquished.

Vanquished Creatures (others)
  A scorpion (Ossuary)
  A plant (Lair:1)
2 creatures vanquished.

Grand Total: 322 creatures vanquished

Notes
Turn   | Place    | Note
-------+----------+-------------------------------------------
     0 | Abyss:1  | MalarOregon the Merfolk Abyssal Knight began the quest for
                  | the Orb.
     0 | Abyss:1  | Reached XP level 1. HP: 18/18 MP: 2/2
   122 | Abyss:1  | Noticed a large abomination
   135 | Abyss:1  | Noticed a small abomination
   150 | Abyss:1  | Noticed a thrashing horror
   155 | D:1      | Escaped the Abyss
   430 | D:1      | Reached XP level 2. HP: 23/24 MP: 3/3
   461 | D:1      | Reached * piety under Lugonu
   868 | D:1      | Reached XP level 3. HP: 29/29 MP: 4/4
  1420 | D:2      | Reached skill level 5 in Polearms
  1553 | D:2      | Reached XP level 4. HP: 17/35 MP: 6/6
  1991 | D:2      | Found a sacrificial altar of Ru.
  2291 | D:2      | Noticed a moth of wrath
  2294 | D:2      | Found a bloodstained altar of Trog.
  2433 | D:2      | Found a bloodstained altar of Trog.
  2433 | D:2      | Found a radiant altar of Vehumet.
  2541 | D:3      | Reached ** piety under Lugonu
  2710 | D:3      | Reached XP level 5. HP: 37/41 MP: 7/7
  3010 | D:3      | Noticed a necrophage
  3655 | D:4      | Noticed Duvessa
  3656 | D:4      | Noticed Dowan
  3946 | D:3      | Killed a necrophage
  3946 | D:3      | Reached XP level 6. HP: 18/47 MP: 7/9
  4500 | D:4      | Noticed a slave
  4500 | D:4      | Noticed a slave
  4538 | D:3      | Killed a slave
  4704 | D:4      | Noticed a phantom
  4706 | D:4      | Noticed a slave
  4764 | D:3      | Killed a phantom
  4895 | D:4      | Noticed Pikel
  4923 | D:3      | Killed a slave
  5321 | D:3      | Killed Pikel
  5321 | D:3      | Reached skill level 10 in Polearms
  5321 | D:3      | Reached skill level 5 in Invocations
  5321 | D:3      | Reached XP level 7. HP: 14/52 MP: 2/11
  6065 | D:4      | Reached XP level 8. HP: 57/58 MP: 12/12
  6273 | D:5      | Entered Level 5 of the Dungeon
  6848 | D:5      | Reached *** piety under Lugonu
  7017 | D:5      | Found Gebore's Magic Scroll Shop.
  7023 | D:5      | Bought a scroll of identify for 24 gold pieces
  7023 | D:5      | Bought a scroll of identify for 24 gold pieces
  7322 | D:5      | Reached skill level 1 in Throwing
  7322 | D:5      | Reached skill level 1 in Armour
  7451 | D:5      | Found an iron altar of Okawaru.
  7715 | D:5      | Found a basalt altar of Yredelemnul.
  8126 | D:6      | Got a brightly glowing wooden ring
  8128 | D:6      | Identified the ring of Sloth {Dex+2 Stlth-} (You found it
                  | on level 6 of the Dungeon)
  8429 | D:6      | Found a staircase to the Ecumenical Temple.
  8910 | Temple   | Entered the Ecumenical Temple
  9191 | D:7      | Reached XP level 9. HP: 22/64 MP: 8/13
  9438 | D:7      | Found a sand-covered staircase.
  9444 | Ossuary  | Entered an ossuary
  9558 | Ossuary  | Reached skill level 5 in Throwing
 10104 | Ossuary  | Reached **** piety under Lugonu
 10119 | Ossuary  | HP: 3/64 [mummy (10)]
 11130 | D:7      | Noticed Menkaure
 11141 | D:7      | Killed Menkaure
 12171 | D:7      | Reached XP level 10. HP: 67/70 MP: 14/14
 12326 | D:7      | Reached skill level 4 in Fighting
 12430 | D:8      | Noticed a two-headed ogre
 13258 | D:8      | Reached skill level 5 in Fighting
 13760 | D:8      | Reached skill level 5 in Armour
 13773 | D:8      | Reached skill level 6 in Fighting
 14210 | D:8      | Killed a two-headed ogre
 14210 | D:8      | Reached skill level 7 in Fighting
 14344 | D:9      | Got a dazzling ring mail
 14355 | D:9      | Identified the +2 ring mail of the Albatross {*Slow rN++
                  | Slay+2} (You found it on level 9 of the Dungeon)
 15314 | D:10     | Entered Level 10 of the Dungeon
 15658 | D:3      | Killed Duvessa
 15658 | D:3      | Reached skill level 8 in Fighting
 15669 | D:3      | Killed Dowan
 16107 | D:10     | Found Goulev's Gadget Shoppe.
 16122 | D:10     | Bought a wand of scattershot (7) for 429 gold pieces
 16166 | D:10     | Noticed a death yak
 16176 | D:10     | Noticed a death yak
 16177 | D:10     | Noticed a death yak
 16266 | D:10     | Killed a death yak
 16266 | D:10     | Reached skill level 9 in Fighting
 16266 | D:10     | Reached XP level 11. HP: 32/89 MP: 11/15
 17097 | D:10     | Noticed a cyan ugly thing
 17136 | D:10     | Killed a purple ugly thing
 17717 | D:9      | Killed a death yak
 17717 | D:9      | Reached skill level 10 in Fighting
 18003 | D:10     | Noticed a two-headed ogre
 18109 | D:9      | Noticed a death drake
 18109 | D:9      | a two-headed ogre changed into a death drake
 18130 | D:8      | HP: 4/91 [poisoned by a death drake (dark miasma)]
 18478 | D:10     | Found a staircase to the Lair.
 19155 | D:10     | Killed a death yak
 19169 | D:10     | Reached skill level 11 in Fighting
 19635 | D:10     | Found a staircase to the Lair.
 19737 | D:10     | Found Goulev's Gadget Shoppe.
 20061 | Lair:1   | Entered Level 1 of the Lair of Beasts
 20855 | D:11     | Reached XP level 12. HP: 23/102 MP: 4/16
 21171 | D:11     | Reached skill level 12 in Fighting
 23624 | Lair:1   | Reached skill level 13 in Fighting
 23928 | Lair:1   | Reached ***** piety under Lugonu
 24018 | Lair:2   | Noticed Erica
 24120 | Lair:1   | Killed Erica
 24400 | Lair:2   | HP: 1/105 [elephant (5)]
 24400 | Lair:2   | Slain by a hippogriff

Skill      XL: |  1  2  3  4  5  6  7  8  9 10 11 12 |
---------------+-------------------------------------+-----
Polearms       | 4 5 6 7 10 11 | 11.1
Invocations    | 3 4 5 6 |  6.1
Throwing       | 4 8 |  8.2
Armour         | 2 4 6 7 8 |  8.2
Fighting       | 9 11 13 | 13.4
Dodging        | |  2.6

Action                   |  1- 3 |  4- 6 |  7- 9 | 10-12 || total
-------------------------+-------+-------+-------+-------++-------
Melee: Spear             |   128 |   447 |   195 |       ||   770
       Trident           |       |       |   656 |   850 ||  1506
       Dagger            |       |       |       |    87 ||    87
Throw: Javelin           |       |     3 |       |    10 ||    13
Invok: Depart the Abyss  |     1 |       |       |       ||     1
       Bend Space        |       |       |       |     1 ||     1
Evoke: Wand              |       |       |       |    25 ||    25
  Use: Scroll            |       |     9 |     3 |    17 ||    29
       Potion            |       |       |     2 |    13 ||    15
 Stab: Paralysed         |       |       |       |    11 ||    11
  Eat: Chunk             |     2 |    11 |     8 |    26 ||    47
       Ration            |       |       |     6 |     5 ||    11
Armor: Leather armour    |    19 |    16 |       |       ||    35
       Scale mail        |       |    78 |    98 |       ||   176
       Chain mail        |       |       |   215 |    82 ||   297
       Ring mail         |       |       |       |   198 ||   198
       Skin              |       |       |       |    10 ||    10
Dodge: Dodged            |    45 |   134 |   221 |   341 ||   741
